TOP OF THE 1ST |
Jackson Generals batting - Pitching for Erie SeaWolves : RHP Andy Miller
|
Pitching: RHP Andy Miller
|
|
Batting: RHB Julian Gregory
|
0-0: Ball 1-0: Called Strike 1-1: Bunted foul 1-2: Foul Ball, location: 2F 1-2: Strikes out swinging
|
Batting: RHB Ryan Criollo
|
0-0: Called Strike 0-1: Ball 1-1: SINGLE (Line Drive, 78S, EV 104.4 MPH)
|
Batting: RHB Mike Conaway
|
0-0: Ball Ryan Criollo steals 2nd, throwing error, E2 Ryan Criollo to third 1-0: Foul Ball, location: 2F 1-1: Ball 2-1: Ball 3-1: Ground out 6-3 (Groundball, 6, EV 76.2 MPH) Ryan Criollo scores
|
Batting: RHB Adan Lake
|
0-0: Called Strike 0-1: Ground out 5-3 (Groundball, 5, EV 90.0 MPH)
|
Top of the 1st over - 1 run, 1 hit, 1 error, 0 left on base; Jackson 1 - Erie 0 |
BOTTOM OF THE 1ST |
Erie SeaWolves batting - Pitching for Jackson Generals : RHP Michel Méry
|
Pitching: RHP Michel Méry
|
|
Batting: RHB Eric Angelle
|
0-0: Called Strike 0-1: Ball 1-1: Ball 2-1: SINGLE (Groundball, 4M, EV 84.4 MPH) (infield hit)
|
Batting: LHB Dave Carlisle
|
0-0: Ball 1-0: Ball Pickoff Throw to First - Out! 1-3 2-0: SINGLE (Groundball, 4D, EV 108.8 MPH)
|
Batting: RHB John Evancho
|
0-0: Ball 1-0: Grounds into double play, 5-4-3 (Groundball, 5L, EV 85.6 MPH)
|
Bottom of the 1st over - 0 runs, 2 hits, 0 errors, 0 left on base; Jackson 1 - Erie 0 |
TOP OF THE 2ND |
Jackson Generals batting - Pitching for Erie SeaWolves : RHP Andy Miller
|
Batting: SHB Brendan Bundy
|
0-0: Called Strike 0-1: Ball 1-1: Swinging Strike 1-2: Ball 2-2: Ball 3-2: Ground out U3 (Groundball, 34, EV 105.0 MPH)
|
Batting: LHB Brent Dutcher
|
0-0: Ball 1-0: Called Strike 1-1: Fly out, F8 (Flyball, 8LM, EV 84.4 MPH)
|
Batting: RHB Ching-hsia Zhang
|
0-0: Ball 1-0: Ball 2-0: Foul Ball, location: 2F 2-1: Called Strike 2-2: Ball 3-2: Foul Ball, location: 2F 3-2: Strikes out swinging
|
Top of the 2nd over - 0 runs, 0 hits, 0 errors, 0 left on base; Jackson 1 - Erie 0 |
BOTTOM OF THE 2ND |
Erie SeaWolves batting - Pitching for Jackson Generals : RHP Michel Méry
|
Batting: RHB Adam MacConnell
|
0-0: Called Strike 0-1: Ball 1-1: Swinging Strike 1-2: Foul Ball, location: 2F 1-2: Foul Ball, location: 2F 1-2: Foul Ball, location: 2F 1-2: SINGLE (Line Drive, 78M, EV 101.9 MPH)
|
Batting: RHB Benny O'Connor
|
0-0: Called Strike 0-1: Swinging Strike 0-2: Foul Ball, location: 2F 0-2: Ball 1-2: Grounds into double play, 6-4-3 (Groundball, 6, EV 89.4 MPH)
|
Batting: RHB Carlos Armenteros
|
0-0: Ball 1-0: Swinging Strike 1-1: Foul Ball, location: 2F 1-2: Ball 2-2: Foul Ball, location: 2F 2-2: Foul Ball, location: 2F 2-2: Foul Ball, location: 2F 2-2: Strikes out swinging
|
Bottom of the 2nd over - 0 runs, 1 hit, 0 errors, 0 left on base; Jackson 1 - Erie 0 |
TOP OF THE 3RD |
Jackson Generals batting - Pitching for Erie SeaWolves : RHP Andy Miller
|
Batting: RHB Justin Colella
|
0-0: Ground out U3 (Groundball, 3S, EV 84.4 MPH)
|
Batting: RHB Egidius Kruger
|
0-0: Ground out 5-3 (Groundball, 56, EV 80.6 MPH)
|
Batting: RHB Julian Gregory
|
0-0: Swinging Strike 0-1: Called Strike 0-2: Ball 1-2: Foul Ball, location: 2F 1-2: Strikes out swinging
|
Top of the 3rd over - 0 runs, 0 hits, 0 errors, 0 left on base; Jackson 1 - Erie 0 |
BOTTOM OF THE 3RD |
Erie SeaWolves batting - Pitching for Jackson Generals : RHP Michel Méry
|
Batting: RHB Tanner Purchase
|
0-0: Ball 1-0: Ball 2-0: Foul Ball, location: 2F 2-1: Ground out 5-3 (Groundball, 56S, EV 80.6 MPH)
|
Batting: RHB Willie Ochoa
|
0-0: Called Strike 0-1: Fly out, F8 (Flyball, 8RD, EV 90.0 MPH)
|
Batting: RHB Mike Sebastian
|
0-0: Ball 1-0: Ball 2-0: Foul Ball, location: 2F 2-1: Ball 3-1: Called Strike 3-2: Ground out 4-3 (Groundball, 4, EV 103.8 MPH)
|
Bottom of the 3rd over - 0 runs, 0 hits, 0 errors, 0 left on base; Jackson 1 - Erie 0 |
TOP OF THE 4TH |
Jackson Generals batting - Pitching for Erie SeaWolves : RHP Andy Miller
|
Batting: RHB Ryan Criollo
|
0-0: Ball 1-0: Reached on error, E1 (Groundball, 15, EV 63.8 MPH)
|
Batting: RHB Mike Conaway
|
0-0: Ball 1-0: Called Strike 1-1: Foul Ball, location: 2F 1-2: Foul Ball, location: 2F 1-2: DOUBLE (Line Drive, 89XD, EV 106.2 MPH) Ryan Criollo scores
|
Batting: RHB Adan Lake
|
0-0: Swinging Strike 0-1: Called Strike 0-2: Ball 1-2: Ball 2-2: Strikes out swinging
|
Batting: SHB Brendan Bundy
|
0-0: Called Strike 0-1: Swinging Strike 0-2: Strikes out swinging
|
Batting: LHB Brent Dutcher
|
0-0: Called Strike 0-1: Ball 1-1: Ball 2-1: Foul Ball, location: 2F 2-2: Strikes out swinging
|
Top of the 4th over - 1 run, 1 hit, 1 error, 1 left on base; Jackson 2 - Erie 0 |
BOTTOM OF THE 4TH |
Erie SeaWolves batting - Pitching for Jackson Generals : RHP Michel Méry
|
Batting: RHB Eric Angelle
|
0-0: Foul Ball, location: 2F 0-1: SOLO HOME RUN (Flyball, 7D, EV 99.4 MPH), Distance : 395 ft
|
Batting: LHB Dave Carlisle
|
0-0: Called Strike 0-1: SOLO HOME RUN (Line Drive, 78XD, EV 106.2 MPH), Distance : 434 ft
|
Batting: RHB John Evancho
|
0-0: Ball 1-0: Ball 2-0: Called Strike 2-1: Called Strike 2-2: Foul Ball, location: 2F 2-2: Foul Ball, location: 2F 2-2: Ball 3-2: Strikes out swinging
|
Batting: RHB Adam MacConnell
|
0-0: Called Strike 0-1: Swinging Strike 0-2: Fly out, F7 (Flyball, 78M, EV 96.9 MPH)
|
Batting: RHB Benny O'Connor
|
0-0: Foul Ball, location: 2F 0-1: Ball 1-1: Fly out, F8 (Flyball, 8LXD, EV 100.0 MPH)
|
Bottom of the 4th over - 2 runs, 2 hits, 0 errors, 0 left on base; Jackson 2 - Erie 2 |
TOP OF THE 5TH |
Jackson Generals batting - Pitching for Erie SeaWolves : RHP Andy Miller
|
Batting: RHB Ching-hsia Zhang
|
0-0: Called Strike 0-1: Ball 1-1: Swinging Strike 1-2: Foul Ball, location: 2F 1-2: Ball 2-2: SINGLE (Line Drive, 9S, EV 97.5 MPH)
|
Batting: RHB Justin Colella
|
0-0: Ball Ching-hsia Zhang is caught stealing 2nd base 2-4 1-0: Foul Ball, location: 2F 1-1: Ball 2-1: Fly out, F8 (Flyball, 8RM, EV 96.9 MPH)
|
Batting: RHB Egidius Kruger
|
0-0: Called Strike 0-1: SINGLE (Groundball, 6MS, EV 65.6 MPH) (infield hit)
|
Batting: RHB Julian Gregory
|
0-0: Fly out, F7 (Flyball, 7, EV 95.0 MPH)
|
Top of the 5th over - 0 runs, 2 hits, 0 errors, 1 left on base; Jackson 2 - Erie 2 |
BOTTOM OF THE 5TH |
Erie SeaWolves batting - Pitching for Jackson Generals : RHP Michel Méry
|
Batting: RHB Carlos Armenteros
|
0-0: Hit by Pitch
|
Batting: RHB Tanner Purchase
|
0-0: Ball 1-0: Foul Ball, location: 2F 1-1: Swinging Strike 1-2: Strikes out swinging
|
Batting: RHB Willie Ochoa
|
0-0: Called Strike 0-1: Ball 1-1: Ball 2-1: Foul Ball, location: 2F 2-2: SINGLE (Line Drive, 5L, EV 66.9 MPH) (infield hit) Carlos Armenteros to second
|
Batting: RHB Mike Sebastian
|
0-0: Called Strike 0-1: Ball 1-1: Foul Ball, location: 2F 1-2: Foul Ball, location: 2F 1-2: Ball 2-2: Ground out 5-3 (Groundball, 56, EV 86.2 MPH) Carlos Armenteros to third Willie Ochoa to second
|
Batting: RHB Eric Angelle
|
0-0: Ball 1-0: Called Strike 1-1: Ball 2-1: Called Strike 2-2: SINGLE (Groundball, 6D, EV 103.8 MPH) Carlos Armenteros scores Willie Ochoa to third Runner from 3rd tries for Home, SAFE, throw by CF to home
|
Batting: LHB Dave Carlisle
|
0-0: Ball 1-0: Ball 2-0: Foul Ball, location: 2F 2-1: SINGLE (Groundball, 23, EV 63.8 MPH) (infield hit) Eric Angelle to second
|
Batting: RHB John Evancho
|
0-0: Ground out U3 (Groundball, 34, EV 78.8 MPH)
|
Bottom of the 5th over - 2 runs, 3 hits, 0 errors, 2 left on base; Jackson 2 - Erie 4 |
TOP OF THE 6TH |
Jackson Generals batting - Pitching for Erie SeaWolves : RHP Andy Miller
|
Batting: RHB Ryan Criollo
|
0-0: Ball 1-0: Ball 2-0: Called Strike 2-1: Called Strike 2-2: Ball 3-2: Foul Ball, location: 2F 3-2: Foul Ball, location: 2F 3-2: Base on Balls
|
Batting: RHB Mike Conaway
|
0-0: Ball Ryan Criollo steals 2nd base 1-0: Swinging Strike 1-1: Ground out 6-3 (Groundball, 6, EV 85.6 MPH) Ryan Criollo to third
|
Batting: RHB Adan Lake
|
0-0: Ball 1-0: Ball 2-0: Ground out 4-3 (Groundball, 4, EV 89.4 MPH) Ryan Criollo scores
|
Batting: SHB Brendan Bundy
|
0-0: Ball 1-0: Called Strike 1-1: Swinging Strike 1-2: Strikes out swinging
|
Top of the 6th over - 1 run, 0 hits, 0 errors, 0 left on base; Jackson 3 - Erie 4 |
BOTTOM OF THE 6TH |
Erie SeaWolves batting - Pitching for Jackson Generals : RHP Michel Méry
|
Pitching: RHP Raul Lopez
|
|
Batting: RHB Adam MacConnell
|
0-0: Ball 1-0: Foul Ball, location: 2F 1-1: Swinging Strike 1-2: Strikes out looking
|
Batting: RHB Benny O'Connor
|
0-0: Fly out, F7 (Line Drive, 7LM, EV 90.0 MPH)
|
Batting: RHB Carlos Armenteros
|
0-0: Ball 1-0: Swinging Strike 1-1: Ground out U3 (Groundball, 34S, EV 81.9 MPH)
|
Bottom of the 6th over - 0 runs, 0 hits, 0 errors, 0 left on base; Jackson 3 - Erie 4 |
TOP OF THE 7TH |
Jackson Generals batting - Pitching for Erie SeaWolves : RHP Andy Miller
|
Batting: LHB Brent Dutcher
|
0-0: Called Strike 0-1: Ball 1-1: Ground out U3 (Groundball, 34, EV 89.4 MPH)
|
Batting: RHB Ching-hsia Zhang
|
0-0: Foul Ball, location: 2F 0-1: Called Strike 0-2: Strikes out swinging, 2-3 out at first.
|
Batting: RHB Justin Colella
|
0-0: Ball 1-0: Called Strike 1-1: Ball 2-1: Ground out U3 (Groundball, 23, EV 91.2 MPH)
|
Top of the 7th over - 0 runs, 0 hits, 0 errors, 0 left on base; Jackson 3 - Erie 4 |
BOTTOM OF THE 7TH |
Erie SeaWolves batting - Pitching for Jackson Generals : RHP Raul Lopez
|
Batting: RHB Tanner Purchase
|
0-0: Ground out 5-3 (Groundball, 56S, EV 85.6 MPH)
|
Batting: RHB Willie Ochoa
|
0-0: Called Strike 0-1: Called Strike 0-2: Foul Ball, location: 2F 0-2: Ball 1-2: Strikes out looking
|
Batting: RHB Mike Sebastian
|
0-0: Ball 1-0: Ball 2-0: Ball 3-0: Base on Balls
|
Batting: RHB Eric Angelle
|
0-0: Ball Mike Sebastian steals 2nd base 1-0: Foul Ball, location: 2F 1-1: Called Strike 1-2: Ball 2-2: Ball 3-2: Foul Ball, location: 2F 3-2: Ground out 6-3 (Groundball, 6M, EV 104.4 MPH)
|
Bottom of the 7th over - 0 runs, 0 hits, 0 errors, 1 left on base; Jackson 3 - Erie 4 |
TOP OF THE 8TH |
Jackson Generals batting - Pitching for Erie SeaWolves : RHP Andy Miller
|
Batting: RHB Egidius Kruger
|
0-0: Foul Ball, location: 2F 0-1: Ball 1-1: Swinging Strike 1-2: Foul Ball, location: 2F 1-2: SINGLE (Groundball, 56, EV 100.0 MPH) (infield hit)
|
Pitching: RHP Denzel McPherson
|
|
Batting: RHB Julian Gregory
|
0-0: Bunted foul 0-1: Ball 1-1: Bunted foul 1-2: Strikes out looking
|
Batting: RHB Ryan Criollo
|
0-0: Foul Ball, location: 2F 0-1: Foul Ball, location: 2F 0-2: Strikes out looking
|
Batting: RHB Mike Conaway
|
0-0: Ball 1-0: Ball 2-0: Ball Wild Pitch! Egidius Kruger to second 3-0: Called Strike 3-1: Swinging Strike 3-2: Foul Ball, location: 2F 3-2: Base on Balls
|
Batting: RHB Adan Lake
|
0-0: Fielders Choice at 2nd, U4 (Groundball, 4M, EV 94.4 MPH)
|
Top of the 8th over - 0 runs, 1 hit, 0 errors, 2 left on base; Jackson 3 - Erie 4 |
BOTTOM OF THE 8TH |
Erie SeaWolves batting - Pitching for Jackson Generals : RHP Raul Lopez
|
Batting: LHB Dave Carlisle
|
0-0: Ball 1-0: Ball 2-0: Foul Ball, location: 2F 2-1: Foul Ball, location: 2F 2-2: Foul Ball, location: 2F 2-2: Foul Ball, location: 2F 2-2: SOLO HOME RUN (Flyball, 89XD, EV 108.1 MPH), Distance : 433 ft
|
Batting: RHB John Evancho
|
0-0: Ball 1-0: Foul Ball, location: 2F 1-1: Foul Ball, location: 2F 1-2: Strikes out swinging
|
Batting: RHB Adam MacConnell
|
0-0: Fly out, F9 (Flyball, 9D, EV 91.9 MPH)
|
Batting: RHB Benny O'Connor
|
0-0: Ball 1-0: Swinging Strike 1-1: Ground out 5-3 (Groundball, 56, EV 97.5 MPH)
|
Bottom of the 8th over - 1 run, 1 hit, 0 errors, 0 left on base; Jackson 3 - Erie 5 |
TOP OF THE 9TH |
Jackson Generals batting - Pitching for Erie SeaWolves : RHP Denzel McPherson
|
Pitching: RHP Cameron Maxwell
|
|
Batting: SHB Brendan Bundy
|
0-0: Swinging Strike 0-1: Swinging Strike 0-2: Ball 1-2: Foul Ball, location: 2F 1-2: Strikes out looking
|
Batting: LHB Brent Dutcher
|
0-0: Called Strike 0-1: Ball 1-1: Foul Ball, location: 2F 1-2: Strikes out swinging
|
Batting: RHB Ching-hsia Zhang
|
0-0: Called Strike 0-1: Called Strike 0-2: Strikes out swinging
|
Top of the 9th over - 0 runs, 0 hits, 0 errors, 0 left on base; Jackson 3 - Erie 5 |
|